 Dungeon Crawl Stone Soup version 0.30-a0-222-ge547ba4400 (webtiles) character file.

Game seed: 7752272136543430339

3439 jimonade the Thaumaturge (level 10, -5/60 HPs)
             Began as a Djinni Summoner on Oct 8, 2022.
             Was an Initiate of Yredelemnul.
             Slain by a wight
             ... wielding a +5 long sword
              (6 damage)
             ... on level 6 of the Dungeon.
             The game lasted 00:25:47 (6213 turns).

jimonade the Thaumaturge (Djinni Summoner)          Turns: 6213, Time: 00:25:48

Health: -5/60      AC:  4    Str: 13    XL:     10   Next: 26%
Gold:   483        EV: 12    Int: 21    God:    Yredelemnul [......] SH:  5 Dex: 14

rFire   + + .      SeeInvis .    a - +1 rapier (venom)
rCold   x . .      Faith    .    (no shield)
rNeg    . . .      Spirit   .    K - +0 robe
rPois   ∞          Reflect  +    F - +0 helmet
rElec   .          Harm     .    n - +0 cloak
rCorr   .          Rampage  .    (no gloves)
Will    +....                    (boots unavailable)
Stlth   ++........               D - amulet of reflection
HPRegen 0.30/turn                r - +6 ring of strength
MPRegen 0.00/turn                (no ring)

@: flying
A: sickness immunity, fire resistance 2, cold vulnerability 1, float, innate
caster, HP casting, extra vitality 1
a: Renounce Religion, Recall Undead Harvest


You were on level 6 of the Dungeon.
You worshipped Yredelemnul.
Yredelemnul was noncommittal.
You visited 1 branch of the dungeon, and saw 7 of its levels.

You collected 483 gold pieces.

Inventory:

Hand Weapons
 a - a +1 rapier of venom (weapon)
 b - a +1 vampiric spear
 d - a +0 hand axe
 I - a +0 quarterstaff
 J - a +0 great sword
 M - the +7 mace of Variability {chain chaos}
   (You found it on level 6 of the Dungeon)

   Each time it hits an enemy it has a different, random effect.
   It occasionally unleashes arcs of chaos on nearby creatures upon striking a
   foe.
 O - a +0 scimitar
 Q - a +0 dagger
Missiles
 t - 5 curare-tipped darts
 A - a javelin
 B - a throwing net
 G - 5 poisoned darts
Armour
 c - a +0 leather armour
 i - a +0 ring mail of willpower
 n - a +0 cloak (worn)
 F - a +0 helmet (worn)
 K - a +0 robe (worn)
Magical Staves
 N - a staff of poison
Jewellery
 r - a +6 ring of strength (left hand)
 D - an amulet of reflection (around neck)
Wands
 E - a wand of flame (17)
Scrolls
 g - 4 scrolls of teleportation {unknown}
 j - 7 scrolls of identify {unknown}
 l - 2 scrolls of poison {unknown}
 q - a scroll of noise {unknown}
 s - a scroll of immolation {unknown}
 v - 3 scrolls of enchant armour {unknown}
 x - a scroll of enchant weapon {unknown}
 y - a scroll of fog {unknown}
 H - a scroll of brand weapon {unknown}
 L - a scroll of silence {unknown}
 P - a scroll of torment {unknown}
Potions
 e - 4 potions of heal wounds {unknown}
 f - a potion of lignification {unknown}
 h - 4 potions of curing {unknown}
 k - a potion of invisibility {unknown}
 m - a potion of mutation {unknown}
 o - 2 potions of brilliance {unknown}
 p - 5 potions of attraction {unknown}
 u - 2 potions of degeneration {unknown}
 w - a potion of resistance {unknown}
 z - a potion of haste {unknown}
 C - 2 potions of might {unknown}


   Skills:
 - Level 2.1 Dodging
 - Level 1.5 Stealth
 + Level 11.3 Spellcasting


You had 10 spell levels left.
You knew the following spells:

 Your Spells              Type           Power      Damage    Failure   Level
a - Summon Small Mammal   Summ           100%       N/A       1%          1
b - Call Imp              Summ           56%        N/A       1%          2
c - Call Canine Familiar  Summ           56%        N/A       1%          3
d - Summon Guardian Gole  Hex/Summ       56%        N/A       1%          3
e - Summon Lightning Spi  Summ/Air       56%        N/A       1%          4
f - Necrotise             Necr           100%       1d9       1%          1
g - Blink                 Tloc           100%       N/A       1%          2
h - Ensorcelled Hibernat  Hex/Ice        100%       N/A       1%          2
i - Tukima's Dance        Hex            56%        N/A       1%          3
Your spell library was empty.

Dungeon Overview and Level Annotations

Branches:
Dungeon (7/15)             Temple (0/1) D:6

Altars:
Cheibriados
Elyvilon
Nemelex Xobeh
Okawaru
Trog
Uskayaw
Xom
Yredelemnul
Zin
The Shining One

Shops:
D:2 ?=((=

Annotations:
D:2 Robin
D:3 1 runed translucent door, CertainDeath's ghost, amateur GrEE


Innate Abilities, Weirdness & Mutations

You are immune to sickness and miasma.
You are immune to poison.
Your flesh is very heat resistant. (rF++)
You are vulnerable to cold. (rC-)
You float through the air rather than walking.
You learn spells naturally, not from books.
Your magical power is your life essence.
You have superior vitality. (+4 MHP)


Message History

Something misses your wolf.
Your wolf bites the wight.
The wight is destroyed!
A wight comes into view. It is wielding a +0 flail.
The wight hits you with a +0 long sword!
A hound comes into view.
Your wolf closely misses the wight.
The hound closely misses your wolf.
The wight hits you with a +0 long sword.
Your wolf bites the wight.
The wight barely misses you. The hound closely misses your wolf.
The wight misses you. The wight closely misses you.
Your wolf bites the wight.
The hound completely misses your wolf. The wight attacks as you move away!
The wight closely misses you.
Your wolf barely misses the wight.
You block the wight's attack. The hound misses your wolf.
Your wolf bites the wight.
The wight attacks as you move away!
The wight hits you with a +0 long sword!
* * * LOW HITPOINT WARNING * * *
Your wolf bites the wight.
The hound bites your wolf.
Your wolf bites the wight!
The hound misses your wolf.
Your wolf bites the wight!
The wight is destroyed!
The hound completely misses your wolf.
There is a stone staircase leading up here.
Your wolf misses the wight.
The wight hits you with a +5 long sword!
* * * LOW HITPOINT WARNING * * *
The hound bites your guardian golem but does no damage.
Your wolf closely misses the wight.
You fly upwards.
There is a stone staircase leading down here.
Casting: Summon Guardian Golem (safe; 1% risk of failure)
Confirm with . or Enter, or press ? or * to list all spells.
You don't have enough health to cast this spell.
Unknown command.
Unknown command.
You hit the wight.
The wight is severely damaged.
The wight hits you with a +5 long sword.
You die...
Your body rises from the dead as a mindless zombie.

.# .# .# ## ######
.....# .....#
.....###################
............)..z@......#
.....###.############.##
####...........# #.#
......#........# #.#
#####.#........# #.#
'..##.#.......(# #.#
##.#.....####### #.#
##.#.....# #.#
##.......# #.#


You could see a wight.

Vanquished Creatures
  A water moccasin (D:6)
  An ice beast (D:6)
  A kobold brigand (D:3)
  2 scorpions (D:4)
  A killer bee (D:7)
  An adder (D:2)
  3 orcs (D:4)
  2 ball pythons
  A bat (D:1)
  An endoplasm (D:4)
  3 goblins
  A hobgoblin (D:3)
  A quokka (D:1)
  3 kobolds
  4 rats
26 creatures vanquished.

Vanquished Creatures (collateral kills)
  Sigmund (D:2)
  A wyvern (D:7)
  A water moccasin (D:5)
  A black bear (D:5)
  2 ice beasts (D:7)
  5 ogres
  2 phantoms
  A bullfrog (D:7)
  Blork the orc (D:6)
  2 scorpions (D:6)
  A necrophage (D:5)
  3 wights (D:7)
  3 killer bees (D:7)
  2 howler monkeys
  A hound (D:4)
  3 jellies
  An orc priest (D:6)
  Jessica (D:2)
  4 iguanas
  6 orc wizards
  8 gnolls
  8 adders
  2 shadow imps
  3 white imps
  2 ufetubi
  3 worms
  2 dart slugs
  17 orcs
  6 endoplasms
  2 giant cockroaches
  7 goblins
  13 hobgoblins
  4 jackals (D:4)
  3 quokkas
  3 training dummies (D:5)
  8 ball pythons
  2 bats
  4 frilled lizards
  14 kobolds
  7 rats
  A rat zombie (D:5)
161 creatures vanquished.

Vanquished Creatures (others)
  An orc warrior (D:7)
  A centaur (D:7)
  2 wights (D:7)
  A black bear zombie (D:5)
  2 orc wizards (D:7)
  3 killer bee zombies (D:7)
  An ice beast zombie (D:7)
  3 adder zombies
  An iguana zombie (D:5)
  2 jelly zombies (D:5)
  A spectral white imp (D:7)
  An orc (D:7)
  2 gnoll zombies (D:4)
  A ball python zombie (D:4)
  A dart slug zombie (D:4)
  An endoplasm zombie (D:4)
  A jackal zombie (D:4)
  A kobold zombie (D:4)
  10 orc zombies
  2 spectral ufetubi
  8 fungi (D:4)
  3 plants (D:7)
49 creatures vanquished.

Grand Total: 236 creatures vanquished

Notes
Turn   | Place    | Note
-------+----------+-------------------------------------------
     0 | D:1      | jimonade the Djinni Summoner began the quest for the Orb.
     0 | D:1      | jimonade set off with the following spells memorised:
                  | Summon Small Mammal, Call Imp, Call Canine Familiar, Summon
                  | Guardian Golem, Summon Lightning Spire.
     0 | D:1      | Reached XP level 1. HP: 15/15 MP: 0/0
   165 | D:1      | Reached XP level 2. HP: 21/21 MP: 0/0
   452 | D:1      | Reached XP level 3. HP: 24/25 MP: 0/0
   452 | D:1      | Learned a level 1 spell: Necrotise
   674 | D:1      | Reached skill level 4 in Spellcasting
   749 | D:2      | Found Voubbac's Magic Scroll Emporium.
   757 | D:2      | Found Minoowo's Jewellery Shoppe.
   760 | D:2      | Noticed Robin
   851 | D:2      | Found Fuklit's Weapon Shoppe.
   879 | D:2      | Reached XP level 4. HP: 29/31 MP: 0/0
   930 | D:2      | Noticed Sigmund
   936 | D:2      | Killed Sigmund
   937 | D:2      | Reached skill level 5 in Spellcasting
   937 | D:2      | Reached XP level 5. HP: 32/35 MP: 0/0
   937 | D:2      | Learned a level 2 spell: Blink
   937 | D:2      | Reached XP level 6. HP: 36/40 MP: 0/0
  1185 | D:2      | Found Vuinuf's Jewellery Boutique.
  1205 | D:2      | Found Noimint's Antique Weapon Emporium.
  1245 | D:2      | Noticed Jessica
  1258 | D:2      | Killed Jessica
  1723 | D:3      | Found a runed translucent door.
  1724 | D:3      | Noticed CertainDeath's ghost (amateur GrEE)
  1809 | D:3      | Found a glowing golden altar of the Shining One.
  1813 | D:3      | Found a glowing silver altar of Zin.
  1813 | D:3      | Found a white marble altar of Elyvilon.
  1883 | D:3      | Found a faded altar of an unknown god.
  2129 | D:3      | Reached skill level 6 in Spellcasting
  2129 | D:3      | Reached XP level 7. HP: 31/45 MP: 0/0
  2129 | D:3      | Learned a level 2 spell: Ensorcelled Hibernation
  2268 | D:3      | Found a basalt altar of Yredelemnul.
  2268 | D:3      | Found a snail-covered altar of Cheibriados.
  2268 | D:3      | Found a sparkling altar of Nemelex Xobeh.
  2276 | D:3      | Found an iron altar of Okawaru.
  2281 | D:3      | Found a shimmering altar of Xom.
  2359 | D:3      | Became a worshipper of Yredelemnul the Dark
  2566 | D:4      | Reached * piety under Yredelemnul
  3137 | D:4      | Reached skill level 7 in Spellcasting
  3284 | D:5      | Entered Level 5 of the Dungeon
  3329 | D:5      | Reached XP level 8. HP: 39/50 MP: 0/0
  3420 | D:5      | Found Rugrakir's Firing Range.
  3639 | D:5      | Reached ** piety under Yredelemnul
  3639 | D:5      | Reached skill level 8 in Spellcasting
  3824 | D:5      | Found a hide-covered altar of Uskayaw.
  4006 | D:5      | Noticed a moth of wrath
  4009 | D:5      | Found a bloodstained altar of Trog.
  4380 | D:6      | Reached XP level 9. HP: 51/55 MP: 0/0
  4380 | D:6      | Learned a level 3 spell: Tukima's Dance
  4469 | D:6      | Reached skill level 9 in Spellcasting
  4591 | D:6      | Found a staircase to the Ecumenical Temple.
  4920 | D:6      | Noticed Blork the orc
  4929 | D:6      | Killed Blork the orc
  5023 | D:6      | Found the +7 mace of Variability {chain chaos}
  5345 | D:7      | Reached skill level 10 in Spellcasting
  5812 | D:7      | Reached XP level 10. HP: 23/60 MP: 0/0
  6036 | D:7      | Reached skill level 11 in Spellcasting
  6211 | D:7      | HP: 1/60 [wight/+5 long sword (8)]
  6213 | D:6      | Slain by a wight

Illustrated notes

Levels and vault maps discovered:
D:1:      eino_arrival_cavern_a, layout_basic
D:2:      minmay_recursive_quarters, layout_rooms, serial_shops, shop,
          nicolae_shop_waterfront, shop, shop, nicolae_shop_behind_doors,
          uniq_robin, uniq_sigmund, uniq_jessica
D:3:      cheibrodos_thug_alley, layout_basic, dreamdust_divine_triumvirate,
          minmay_overflow_temple_hex, hellmonk_ghost_happy_afterlife,
          dreamdust_ecumenical_altar_angels_and_demons
D:4:      layout_cave_pools, dreamdust_gnoll_farm
D:5:      layout_basic, tgw_trog, led_sif_pool, mainiacjoe_overflow_alcove_4,
          amcnicky_altar_gilded, nicolae_shop_firing_range
D:6:      layout_basic, temple_hall, uniq_blork_the_orc
D:7:      nzn_winding_woodlands_three_and_one
          [nzn_winding_woodlands_5x15_split_checker,
          nzn_winding_woodlands_5x15_eye,
          nzn_winding_woodlands_5x15_pathside_ponds,
          nzn_winding_woodlands_center_lodge], layout_cave_pools,
          serial_column_ruins, column_ruins_open_small_water,
          column_ruins_columns_dead_end, column_ruins_grid_1,
          column_ruins_grid_1

Skill      XL: |  1  2  3  4  5  6  7  8  9 10 |
---------------+-------------------------------+-----
Spellcasting   | 4 5 6 7 8 10 11 | 11.3
Dodging        | |  2.1
Stealth        | |  1.5

Action                   |  1- 3 |  4- 6 |  7- 9 | 10-12 || total
-------------------------+-------+-------+-------+-------++-------
Melee: Unarmed           |     2 |       |       |       ||     2
       Hand axe          |    23 |    25 |    15 |       ||    63
       Rapier            |       |       |    14 |    14 ||    28
 Cast: Summon Small Mamm |    38 |    13 |       |       ||    51
       Call Imp          |    11 |    17 |    26 |     1 ||    55
       Call Canine Famil |       |     9 |    39 |     5 ||    53
       Necrotise         |       |     1 |    20 |       ||    21
       Summon Lightning  |       |       |     3 |       ||     3
       Summon Guardian G |       |       |    31 |     5 ||    36
 Stab: Distracted        |       |       |     2 |       ||     2
Armor: Robe              |     9 |     7 |    12 |     2 ||    30
Dodge: Dodged            |    26 |    27 |    34 |    17 ||   104
Block: Other             |       |       |    11 |     3 ||    14

Table legend: (Time is in decaauts)
 A = Elapsed time spent in this place.
 B = Non-inter-level travel time spent in this place.
 C = Inter-level travel time spent in this place.
 D = Time resting spent in this place.
 E = Time spent auto-exploring this place.
 F = Levels seen in this place.
 G = Mean time per level.
                   A        B        C        D        E       F      G
               +--------+--------+--------+--------+--------+-----+--------+
         Total |   6237 |   5892 |    345 |    297 |   3827 |   7 |  891.0 |
       Dungeon |   6237 |   5892 |    345 |    297 |   3827 |   7 |  891.0 |
               +--------+--------+--------+--------+--------+-----+--------+

Top non-repeatable levels by time:
     D:6: 1244 daAuts
     D:5: 1020 daAuts
     D:3: 859 daAuts
     D:4: 823 daAuts
     D:2: 809 daAuts
     D:1: 805 daAuts
     D:7: 673 daAuts
